 Dungeon Crawl Stone Soup version 0.26.1-11-gd32895ea62 (webtiles) character file.

Game seed: 9393520937081220117

44 Zeld the Twirler (level 3, -1/24 HPs)
             Began as an Octopode Gladiator on May 22, 2021.
             Slain by a gnoll
             ... wielding a +0 whip
              (6 damage)
             ... on level 5 of the Dungeon.
             The game lasted 00:00:53 (1266 turns).

Zeld the Twirler (Octopode Gladiator)               Turns: 1266, Time: 00:00:53

Health: -1/24      AC:  1    Str: 14    XL:     3   Next: 60%
Magic:  3/3        EV: 14    Int: 10    God:
Gold:   114        SH:  0    Dex: 13    Spells: 2/2 levels left

rFire    . . .     SeeInvis .   a - +0 quarterstaff
rCold    . . .     Faith    .   (shield currently unavailable)
rNeg     . . .     Spirit   .   b - +0 hat
rPois    .         Reflect  .   (no amulet)
rElec    .         Harm     .   (no ring)
rCorr    .         Rampage  .   (no ring)
Will     .....                  (no ring)
Stlth    ++........             (no ring)
HPRegen  0.08/turn              (no ring)
MPRegen  0.08/turn              (no ring)
                                (no ring)
                                (no ring)

@: no status effects
A: almost no armour, stealthy swim, amphibious, 8 rings, constrict 8, camouflage
1, gelatinous body 1
a: no special abilities


You were on level 5 of the Dungeon.
You visited 1 branch of the dungeon, and saw 5 of its levels.

You collected 114 gold pieces.

Inventory:

Hand Weapons
 a - a +0 quarterstaff (weapon)
Missiles
 c - 3 throwing nets
 j - 21 poisoned darts (quivered)
Armour
 b - a +0 hat (worn)
Jewellery
 k - an uncursed ring of fire {unknown}
Scrolls
 f - a scroll of blinking {unknown}
 g - a scroll of immolation {unknown}
 h - a scroll of enchant weapon {unknown}
 i - a scroll of remove curse {unknown}
Potions
 d - a potion of curing {unknown}
 e - a potion of mutation {unknown}
 l - a potion of heal wounds {unknown}


   Skills:
 - Level 2.0 Fighting
 * Level 4.5 Staves
 - Level 2.0 Throwing
 - Level 3.0 Dodging


You had 2 spell levels left.
You didn't know any spells.
Your spell library was empty.

Dungeon Overview and Level Annotations

Branches:
Dungeon (5/15)
 Temple: D:4-7

Altars:


Innate Abilities, Weirdness & Mutations

You cannot wear most types of armour.
You are very stealthy in the water. (Stealth+)
You are amphibious.
You can wear up to eight rings at the same time.
You can use your tentacles to constrict eight enemies at once.
Your skin changes colour to match your surroundings (Stealth+).
Your rubbery body absorbs attacks. (AC +1, EV +1)


Message History

You climb downwards.
A hound comes into view.
Found a scroll labelled MUONLU MEHIVULL.
There is a stone staircase leading up here.
You hit the gnoll. Your grab misses the gnoll. Your squeeze misses the gnoll.
The gnoll is moderately wounded.
The gnoll hits you with a +0 whip!
You are too injured to fight recklessly!
You are too injured to fight recklessly!
You are too injured to fight recklessly!
You are too injured to fight recklessly!
You completely miss the gnoll. Your grab misses the gnoll.
You squeeze the gnoll.
The gnoll is severely wounded.
The gnoll hits you with a +0 whip.
* * * LOW HITPOINT WARNING * * *
You hit the gnoll. Your grab misses the gnoll. Your squeeze misses the gnoll.
The gnoll is severely wounded.
The gnoll hits you with a +0 whip.
You die...

#.########
....h.g@.#
#.######.#
?# .. .##
.# .# ##


You could see a hound (asleep) and a gnoll.

Vanquished Creatures
  2 adders (D:3)
  A dart slug (D:1)
  A leopard gecko (D:1)
  A giant cockroach (D:1)
  3 goblins (D:1)
  A hobgoblin (D:1)
  3 jackals (D:4)
  2 bats
  A frilled lizard (D:1)
  5 kobolds
  2 rats
22 creatures vanquished.

Notes
Turn   | Place    | Note
-------+----------+-------------------------------------------
     0 | D:1      | Zeld the Octopode Gladiator began the quest for the Orb.
     0 | D:1      | Reached XP level 1. HP: 14/14 MP: 1/1
   100 | D:1      | Reached XP level 2. HP: 19/19 MP: 2/2
   487 | D:3      | Reached skill level 4 in Staves
   487 | D:3      | Reached XP level 3. HP: 9/24 MP: 3/3
  1263 | D:5      | Entered Level 5 of the Dungeon
  1266 | D:5      | Slain by a gnoll

Illustrated notes

Levels and vault maps discovered:
D:1:      lemuel_arrival_river_bridge, layout_basic, item_on_display_a
D:2:      layout_basic, bloody_makhleb, grunt_temple_overflow_open,
          amethyst_overflow_temple_binary
D:3:      layout_loops_cross, nicolae_gozag_seed_capital
D:4:      layout_loops_ring, grunt_temple_overflow_holy_war,
          lemuel_crystal_altar, minmay_crystal_room, hangedman_feature_mirror,
          minivault_25
D:5:      cheibrodos_quashed, layout_loops_corners, kennysheep_mini_moat,
          minmay_quadrilaterals, uniq_ijyb

Skill      XL: |  1  2 |
---------------+-------+-----
Staves         | 4 |  4.5
Fighting       | |  2.0
Throwing       | |  2.0
Dodging        | |  3.0

Action                   || total
-------------------------++-------
Melee: Quarterstaff      ||    47
       Constrict         ||    14
       Tentacles         ||    11
 Stab: Sleeping          ||     4
Armor: Skin              ||     3
Dodge: Dodged            ||    33
